cohdb
Replays
Latest Replays
All Replays
Popular Replays
Top Player Replays
Match Explorer
How It Works
Community
CoH3 Stats
Reddit
Sign in to upload your games and track your stats! →
Sign in with Steam
Match 47381706
Unlisted
Match 47381706
Overview
Messages
Build Orders
End
Pioneer Squad
Construct Infanterie Kompanie
MG 42 Machine Gun Team
Grenadier Squad
Grenadier Squad
Construct Luftwaffe Kompanie
Medical Bunker
221 Scout Car
Medical Bunker
Support Elements
Selects Mechanized Battlegroup
Selects Raid Package
Selects StuG Assault Group
StuG Assault Group
Wirbelwind Flakpanzer
Jäger Squad
Grenadier Squad
Selects UNKNOWN (2160084)
Construct Panzer Kompanie
Selects Spotting Scopes
Selects Wespe Self-propelled Artillery
Panther Heavy Tank
Wespe Self-propelled Artillery
Panther Heavy Tank
HORUS
plz touch grass
Lucky-Noob
Freeze
KoMoDЫ4
_Nemez_
0
0
Comments
sign in to comment!
No comments posted yet!